AoeStats
← joosephy

Oasis

508415811Analyzed
4v4 RM · 10d ago on Sep 22, 2026· 45m 28s· 8 players
Game mode
Random Map
Map size
Large (8 player)
Population
200
Speed
Normal
Resources
Standard
Victory
Conquest
Starting age
Dark Age
Ending age
Imperial Age
RankedLock teamsTeams togetherTeam positionsShared explorationLock speedFull tech treeHidden civsTurbo modeCheats
Victory
Defeat
🇨🇿 Franks · Czechia
1842
+9
🇨🇳 Burmese · China
1824
+9
🇹🇼 Hindustanis · Taiwan
1564
+19
🇨🇳 Bohemians · China
1564
+20
🇨🇳 Inca · China
1703
-16
🇨🇳 Malians · China
1685
-15
1626
-13
🇨🇳 Tatars · China
1624
-13
Velky kanec
5:38 Loom
8:49 Feudal Age
10:04 Double-Bit Axe
18:42 Castle Age
19:45 Bow Saw
21:40 Wheelbarrow
25:11 Gold Mining
26:24 Stone Mining
31:07 Imperial Age
29:42 Hand Cart
30:13 Gold Shaft Mining
30:02 Husbandry
30:14 Scale Barding Armor
30:20 Forging
31:17 Chain Barding Armor
31:39 Caravan
31:16 Cavalier
33:30 Plate Barding Armor
34:54 Chemistry
33:37 Paladin
35:32 #83
35:24 Chivalry
36:33 Iron Casting
36:39 Caravan
37:10 Scale Mail Armor
38:20 Blast Furnace
38:54 Masonry
39:38 Fletching
40:09 Devotion
40:58 Siege Engineers
41:40 Bodkin Arrow
45:33 Conscription
45:55 Ballistics
46:06 Architecture
北冥有鲲
9:39 Loom
11:46 Feudal Age
15:51 Castle Age
13:46 Horse Collar
15:09 Gold Mining
16:46 Heavy Plow
20:19 Wheelbarrow
20:24 Town Watch
21:46 Padded Archer Armor
25:19 Devotion
26:23 Bloodlines
29:00 Husbandry
29:23 Ballistics
29:32 Fletching
30:02 Hand Cart
30:29 Fletching
35:42 Imperial Age
34:47 Caravan
35:54 Coinage
36:08 Gold Shaft Mining
35:24 Stone Mining
35:44 Elite Arambai
37:50 Chemistry
37:42 Conscription
38:01 Crop Rotation
37:59 Parthian Tactics
38:34 Scale Barding Armor
38:40 Forging
38:35 Manipur Cavalry
38:30 Light Cavalry
39:10 Hussar
40:08 Guilds
40:20 Chain Barding Armor
40:33 Elite Battle Elephant
41:49 Plate Barding Armor
41:51 Iron Casting
42:38 Banking
42:35 Capped Ram
44:35 Siege Engineers
44:41 Masonry
45:33 Blast Furnace
44:29 Bodkin Arrow
44:42 Scale Mail Armor
44:44 Squires
44:30 Arson
44:05 Pikeman
44:31 Gambesons
44:07 Man-at-Arms
45:23 Howdah
joosephy
8:54 Feudal Age
9:26 Double-Bit Axe
16:31 Scale Barding Armor
17:28 Forging
21:57 Castle Age
21:25 Bloodlines
21:58 Light Cavalry
22:59 Chain Barding Armor
22:43 Husbandry
22:41 Gold Mining
23:41 Iron Casting
27:02 Bow Saw
31:36 Wheelbarrow
36:58 Imperial Age
34:21 Fletching
34:39 Scale Mail Armor
35:52 Hand Cart
36:22 Horse Collar
38:16 Plate Barding Armor
37:05 Heavy Camel Rider
40:04 Blast Furnace
39:26 Imperial Camel Rider
第一滴血
6:32 Loom
9:16 Feudal Age
12:30 Fletching
13:34 Double-Bit Axe
14:38 Horse Collar
22:06 Castle Age
22:09 Crossbowman
23:37 Bow Saw
24:56 Chemistry
26:36 Crossbowman
31:43 Wheelbarrow
31:50 Fervor
32:01 Sanctity
35:29 Imperial Age
34:46 Wagenburg Tactics
35:18 Caravan
35:49 Elite Hussite Wagon
37:16 Masonry
37:12 Scale Mail Armor
37:23 Forging
38:06 Houfnice
42:05 Siege Engineers
44:00 Ballistics
Hash-
8:43 Feudal Age
9:32 Double-Bit Axe
9:37 Horse Collar
18:44 Castle Age
18:23 Loom
19:33 Wheelbarrow
19:57 Bow Saw
25:27 Hand Cart
31:47 Imperial Age
30:08 Town Watch
30:49 Gold Mining
31:13 Scale Mail Armor
31:23 Forging
31:15 Squires
31:00 Arson
32:31 Chain Mail Armor
32:57 Chain Mail Armor
33:32 Iron Casting
33:37 Conscription
32:48 Elite Gbeto
34:59 Coinage
34:30 Caravan
35:44 Plate Mail Armor
37:43 Fletching
38:27 Farimba
39:53 Scale Barding Armor
39:14 Light Cavalry
40:05 Bloodlines
39:55 Husbandry
40:55 Chain Barding Armor
41:24 Banking
43:58 Plate Barding Armor
45:19 Ballistics
枯山水
8:28 Loom
11:21 Feudal Age
13:35 Double-Bit Axe
19:21 Castle Age
18:32 Horse Collar
20:33 Bow Saw
28:59 Sanctity
30:23 Wheelbarrow
30:34 Champi Runner
31:15 Squires
31:44 Redemption
31:49 Scale Mail Armor
31:28 Champi Warrior
37:07 Imperial Age
34:52 Forging
35:45 Chain Mail Armor
35:33 Pikeman
37:56 Iron Casting
39:00 Theocracy
38:41 Block Printing
40:11 Plate Mail Armor
40:36 Illumination
40:19 Halberdier
43:25 Blast Furnace
44:01 Conscription
不出HY龙心别玩UG,OK?
1:29 Loom
9:40 Feudal Age
10:54 Double-Bit Axe
11:18 Horse Collar
15:57 Scale Barding Armor
17:59 Forging
20:38 Wheelbarrow
23:33 Castle Age
22:00 Bloodlines
23:34 Light Cavalry
24:16 Husbandry
24:41 Chain Barding Armor
25:08 Bow Saw
28:37 Iron Casting
30:42 Town Watch
31:00 Gold Mining
32:43 Hand Cart
36:24 Imperial Age
34:49 Stone Mining
36:36 Heavy Camel Rider
37:53 Plate Barding Armor
38:10 Gold Shaft Mining
38:35 Conscription
39:12 Kshatriyas
42:03 Frontier Guards
44:02 Siege Elephant
儒门_重农抑商
6:53 Loom
9:24 Feudal Age
11:28 Double-Bit Axe
13:37 Fletching
15:07 Padded Archer Armor
23:22 Castle Age
23:30 Crossbowman
24:14 Bodkin Arrow
24:57 Bow Saw
25:46 Ballistics
26:46 Wheelbarrow
26:24 Town Watch
28:12 Horse Collar
35:31 Imperial Age
33:52 Gold Mining
34:38 Husbandry
35:30 Bloodlines
36:26 Bracer
36:49 Timurid Siegecraft
37:40 Bracer
40:28 Chemistry
38:55 Light Cavalry
42:03 Hand Cart
Connection lost

Rejoining the realm…

Still unreachable

The connection could not be restored.

Session expired

The server has moved on; the page needs a fresh start.